 Dungeon Crawl Stone Soup version 0.19-a0-1384-gbb462ca (webtiles) character file.

3772 George the Carver (level 9, -2/79 HPs)
             Began as a Minotaur Fighter on Sept 3, 2016.
             Was an Elder of the Shining One.
             Slain by a wolf (7 damage)
             ... led by Grum
             ... on level 8 of the Dungeon.
             The game lasted 00:12:56 (6213 turns).

George the Carver (Minotaur Fighter)                Turns: 6213, Time: 00:12:57

Health: -2/79      AC: 15    Str: 22    XL:     9   Next: 94%
Magic:  9/11       EV:  6    Int:  5    God:    the Shining One [****..]
Gold:   400        SH: 19    Dex: 14    Spells: 0 memorised, 8 levels left

rFire  . . .     SeeInvis .     a - +0 long sword
rCold  . . .     Gourm    .     u - +0 chain mail
rNeg   + + .     Faith    .     c - +0 shield
rPois  .         Spirit   .     (helmet restricted)
rElec  .         Dismiss  .     r - +0 cloak
rCorr  .         Reflect  .     B - +1 pair of gloves
MR     .....     Harm     .     D - +0 pair of boots
Stlth  ..........               (no amulet)
                                G - ring of flight
                                w - +2 ring of strength

@: divine shield, glowing
A: retaliatory headbutt, horns 2
a: Divine Shield, Cleansing Flame, Renounce Religion, Evoke Flight


You were on level 8 of the Dungeon.
You worshipped the Shining One.
The Shining One was greatly pleased with you.
You were hungry.

You visited 2 branches of the dungeon, and saw 9 of its levels.
You also visited: Ossuary.

You collected 400 gold pieces.

Inventory:

Hand Weapons
 a - a +0 long sword (weapon)
 E - a +0 rapier
Missiles
 h - a throwing net (quivered)
Armour
 c - a +0 shield (worn)
 r - a +0 cloak (worn)
 u - a +0 chain mail (worn)
 B - a +1 pair of gloves (worn)
 D - a +0 pair of boots (worn)
Jewellery
 w - a +2 ring of strength (left hand)
 y - an uncursed ring of fire
 G - a ring of flight (right hand)
Wands
 o - a wand of flame (14/48)
 F - a wand of heal wounds (6/9)
 J - a wand of iceblast (6/15)
Scrolls
 e - a scroll of blinking
 k - 3 scrolls of amnesia {unknown}
 l - a scroll of magic mapping
 m - 2 scrolls of fear {unknown}
 n - a scroll of enchant armour {unknown}
 p - 3 scrolls of remove curse
 A - a scroll of immolation {unknown}
Potions
 b - a potion of invisibility {unknown}
 d - 4 potions of might
 g - a potion of haste
 i - 8 potions of curing
 t - 3 potions of heal wounds
 v - a potion of agility
 z - a potion of brilliance {unknown}
 C - a potion of flight {unknown}
 H - a potion of resistance {unknown}
Comestibles
 f - 8 bread rations
 j - a slice of pizza
 q - a beef jerky
 s - 2 meat rations
 x - 5 fruits
 I - 10 royal jellies
 K - 4 chunks of flesh


   Skills:
 + Level 7.0 Fighting
 - Level 14.8 Long Blades
 + Level 7.2 Armour
 + Level 7.1 Shields
 + Level 4.1 Invocations


You had 8 spell levels left.
You didn't know any spells.

Dungeon Overview and Level Annotations

Branches:
Dungeon (8/15)             Temple (1/1) D:6
   Lair: D:8-11

Altars:
Ashenzari
Cheibriados
Dithmenos
Elyvilon
Fedhas
Gozag
Hepliaklqana
Kikubaaqudgha
Makhleb
Nemelex Xobeh
Okawaru
Qazlal
Ru
Sif Muna
Trog
Uskayaw
Vehumet
Xom
Yredelemnul
Zin
The Shining One


Innate Abilities, Weirdness & Mutations

You reflexively headbutt those who attack you in melee.
You have a pair of horns on your head.


Message History

You feel slightly more hungry. The wolf barely misses you.
You riposte.
You closely miss the wolf.
You headbutt the wolf, but do no damage.
The wolf is heavily wounded.
You block the wolf's attack.
The orc priest calls down the wrath of Beogh upon you.
Beogh smites you!
* * * LOW HITPOINT WARNING * * *
You block the wolf's attack. The wolf bites you but does no damage.
You block the wolf's attack. You block the wolf's attack.
You block the wolf's attack.
You hit the wolf. Your headbutt misses the wolf.
The wolf is severely wounded.
You block the wolf's attack.
You slash the wolf!
The wolf is almost dead.
You block the wolf's attack. The wolf bites you!
You die...

#..# #.###.##...#
#..# #.# #.##...#
#..# #.# #.##...#
#..####.###.##...#
#.................
#.#####.###.##...#
#.# #.###.##...#
#.# #.....##....
#@# #.######....
####h#
#.#######.##
#..hg# #.........#
#h#### #(#########
#.# #.# #h# ..#
#.# #.## #o# #.#
#s# #.#


You could see a wolf, a hound and a gnoll.

Vanquished Creatures
  Grinder (D:6)
  A wyvern (D:8)
  Grum (D:8)
  2 orc warriors
  An eye of draining (D:8)
  3 phantoms
  3 ogres (D:6)
  2 wolves (D:8)
  2 centaurs
  An elf zombie (Ossuary)
  A big kobold (D:8)
  5 giant frogs
  Blork the orc (D:5)
  A scorpion (D:7)
  3 wights (D:6)
  A crimson imp (D:5)
  3 centaur zombies
  A human zombie (Ossuary)
  3 jellies (D:8)
  3 orc priests
  An iguana (D:7)
  Jessica (D:2)
  8 orc wizards
  2 worker ants
  A hound skeleton (D:8)
  3 mummies (Ossuary)
  A worker ant zombie (D:7)
  3 gnolls (D:4)
  10 adders
  A shadow imp (D:6)
  5 oozes (D:8)
  2 adder skeletons
  9 adder zombies
  3 worms
  A dart slug (D:4)
  3 giant geckos
  23 orcs
  9 bats
  4 giant cockroaches
  9 goblins
  11 hobgoblins
  4 jackals (D:3)
  8 kobolds
  7 quokkas
  A giant gecko skeleton (D:5)
  A giant newt (D:1)
  5 goblin zombies (Ossuary)
  A hobgoblin zombie (Ossuary)
  2 jackal zombies (Ossuary)
  4 kobold zombies (Ossuary)
  3 orc zombies (Ossuary)
  3 quokka zombies (Ossuary)
  11 rats
  5 rat zombies (Ossuary)
204 creatures vanquished.

Notes
Turn   | Place    | Note
-------+----------+-------------------------------------------
     0 | D:1      | George the Minotaur Fighter began the quest for the Orb.
     0 | D:1      | Reached XP level 1. HP: 19/19 MP: 0/0
   150 | D:1      | Reached XP level 2. HP: 23/27 MP: 1/1
   585 | D:2      | Reached XP level 3. HP: 31/33 MP: 2/2
   606 | D:2      | Reached skill level 3 in Long Blades
   608 | D:2      | Noticed Jessica
   616 | D:2      | Killed Jessica
   774 | D:2      | Reached XP level 4. HP: 39/40 MP: 3/3
  1177 | D:3      | Reached skill level 4 in Long Blades
  1274 | D:3      | Reached XP level 5. HP: 13/47 MP: 4/4
  1877 | D:3      | Found a glowing golden altar of the Shining One.
  1916 | D:3      | Became a worshipper of the Shining One
  2330 | D:4      | Found a sand-covered staircase.
  2334 | Ossuary  | Entered an ossuary
  2350 | Ossuary  | Reached * piety under the Shining One
  2388 | Ossuary  | Reached skill level 5 in Long Blades
  2390 | Ossuary  | Reached XP level 6. HP: 52/55 MP: 5/5
  2395 | Ossuary  | Reached ** piety under the Shining One
  2437 | Ossuary  | Reached skill level 5 in Fighting
  2437 | Ossuary  | Reached skill level 5 in Armour
  2437 | Ossuary  | Reached skill level 5 in Shields
  2437 | Ossuary  | Reached skill level 1 in Invocations
  2540 | Ossuary  | Reached *** piety under the Shining One
  2596 | D:4      | Reached skill level 14 in Long Blades
  2596 | D:4      | Reached XP level 7. HP: 52/61 MP: 6/6
  2696 | D:4      | Found a sacrificial altar of Ru.
  2879 | D:4      | Found a stormy altar of Qazlal.
  2957 | D:4      | Reached XP level 8. HP: 61/68 MP: 7/7
  3048 | D:5      | Entered Level 5 of the Dungeon
  3078 | D:5      | Found a shimmering altar of Xom.
  3083 | D:5      | Found a stormy altar of Qazlal.
  3084 | D:5      | Found a bloodstained altar of Trog.
  3084 | D:5      | Found a basalt altar of Yredelemnul.
  3084 | D:5      | Found a hide-covered altar of Uskayaw.
  3085 | D:5      | Found an iron altar of Okawaru.
  3087 | D:5      | Found an opulent altar of Gozag.
  3383 | D:5      | Noticed Blork the orc
  3395 | D:5      | Killed Blork the orc
  4203 | D:6      | Noticed Grinder
  4203 | D:6      | Paralysed by Grinder for 6 turns
  4218 | D:6      | Killed Grinder
  4218 | D:6      | Reached **** piety under the Shining One
  4231 | D:6      | Found a staircase to the Ecumenical Temple.
  4235 | Temple   | Entered the Ecumenical Temple
  4782 | D:6      | Reached XP level 9. HP: 51/75 MP: 9/9
  4851 | D:6      | Found a deep blue altar of Sif Muna.
  6145 | D:8      | Noticed Grum
  6176 | D:8      | Killed Grum
  6204 | D:8      | HP: 3/79 [orc priest/divine providence (13)]
  6213 | D:8      | Slain by a wolf

Vault maps used:
D:1:      mainiacjoe_arrival_reflecting_pool
D:2:      uniq_jessica
D:3:      overflow_temple_1_default, first_bread
D:4:      lemuel_round_altar, nicolae_ossuary_entry_plus, nrook_loot_triangle,
          nicolae_qazlal_eye_of_the_storm
D:5:      minitemple, uniq_blork_the_orc
D:6:      kennysheep_orc_sif_temple, uniq_grinder
D:8:      lemuel_upstairs_altar, hangedman_little_slice_of_home,
          minmay_misc_feat_more_columns, minmay_misc_feat_nine_boxes,
          lemuel_flamethrower_2, uniq_maurice, uniq_grum, uniq_erica, uniq_pikel
Temple:   nicolae_temple_hex_pool
Ossuary:  minmay_ossuary_two_tombs

Skill      XL: |  1  2  3  4  5  6  7  8  9 |
---------------+----------------------------+-----
Shields        | 4 5 6 7 |  7.1
Armour         | 4 5 6 7 |  7.2
Long Blades    | 3 4 5 14 | 14.8
Fighting       | 4 5 7 |  7.0
Invocations    | 1 2 4 |  4.1

Action                   |  1- 3 |  4- 6 |  7- 9 || total
-------------------------+-------+-------+-------++-------
Melee: Long sword        |    83 |   258 |   318 ||   659
       Headbutt          |     9 |    43 |    64 ||   116
Invok: Divine Shield     |       |       |     2 ||     2
  Use: Scroll            |       |    13 |     1 ||    14
       Potion            |       |     1 |       ||     1
  Eat: Chunk             |       |     6 |    11 ||    17
Armor: Scale mail        |    36 |   109 |    15 ||   160
       Chain mail        |       |       |    68 ||    68
Dodge: Dodged            |    24 |    57 |    43 ||   124
Block: Shield            |    35 |   127 |   141 ||   303
